 Dungeon Crawl Stone Soup version 0.31-a0-441-g867994ef1c (webtiles) character file.

Game seed: 16744324046907112426

39 LeprechaunX the Ruffian (level 3, 0/23 HPs)
             Began as an Octopode Shapeshifter on Aug 2, 2023.
             Hit by a stone thrown by a kobold (2 damage)
             ... on level 2 of the Dungeon.
             The game lasted 00:00:56 (1055 turns).

LeprechaunX the Ruffian (Octopode Shapeshifter)     Turns: 1055, Time: 00:00:56

Health: 0/23       AC:  1    Str: 16    XL:     3   Next: 45%
Magic:  3/3        EV: 13    Int: 16    God:
Gold:   26         SH:  0    Dex: 12    Spells: 2/2 levels left

rFire   . .          .
                       - Unarmed
rCold   . . .        (no shield)
rNeg    . . .        (helmet currently unavailable)
rPois   .            (no amulet)
rElec   .            h - +6 ring of intelligence
rCorr   .            (no ring)
SInv    .            (no ring)
Will    .....        (no ring)
Stlth   ++           (no ring)
HPRegen 0.23/turn    (no ring)
MPRegen 0.08/turn    (no ring)
                     (no ring)

%: no passive effects
@: beast-form
A: beast (slay +2), almost no armour, amphibious, 8 rings, camouflage 1,
gelatinous body 1, (nimble swimmer 1), tentacles
a: Begin Untransformation


You were on level 2 of the Dungeon.
You were a hulking beast.
You visited 1 branch of the dungeon, and saw 2 of its levels.

You collected 26 gold pieces.

Inventory:

Jewellery
 h - a +6 ring of intelligence (left tentacle)
Talismans
 b - a beast talisman (active)
Scrolls
 c - a scroll of enchant armour {unknown}
 e - 2 scrolls of identify {unknown}
 f - a scroll of amnesia {unknown}
Potions
 a - a potion of lignification
 d - a potion of haste {unknown}
 g - a potion of brilliance {unknown}
 i - a potion of might {unknown}


   Skills:
 + Level 1.6 Fighting
 + Level 2.4 Dodging
 * Level 3.6 Unarmed Combat
 + Level 3.2 Shapeshifting


You had 2 spell levels left.
You didn't know any spells.
Your spell library was empty.

Dungeon Overview and Level Annotations

Branches:
Dungeon (2/15)

Altars:

Annotations:
D:2 Sigmund


Innate Abilities, Weirdness & Mutations

You are a hulking beast.
Your limbs bulge with bestial killing power. (Slay +2)
You cannot wear most types of armour.
You are amphibious.
You can wear up to eight rings at the same time.
Your skin changes colour to match your surroundings (Stealth+).
Your rubbery body absorbs attacks. (AC +1, EV +1)
((You are camouflaged when in or above water. (Stealth+)))
You have tentacles for arms and can constrict up to eight enemies at once.


Message History

Found a stone staircase leading up.
Unknown command.
Found a scroll labelled LAYNTI MIZA.
Found a scroll labelled LAYNTI MIZA.
Sigmund shouts!
A hobgoblin and a kobold come into view.
The kobold shouts!
You hear a shout!
The hobgoblin shouts!
You hear a shout!
The bat barely misses you. x2; The kobold throws a stone.
The stone closely misses you.
A goblin comes into view. It is wielding a +1 dagger of freezing.
There is a stone staircase leading up here.
A goblin comes into view. It is wielding a +0 club.
The bat closely misses you.
The kobold throws a stone.
The stone misses you.
The stone misses the bat.
The bat hits you. The bat closely misses you. The kobold barely misses you.
The bat misses you.
The goblin hits you with a +1 dagger of freezing.
The goblin freezes you. The kobold barely misses you.
The goblin attacks as you move away! The goblin barely misses you.
The bat attacks as you move away! The bat barely misses you.
The bat misses you. The kobold hits you with a +0 whip.
The goblin attacks as you move away!
The goblin hits you with a +1 dagger of freezing.
The goblin freezes you. The bat closely misses you. The bat hits you.
The goblin hits you with a +1 dagger of freezing.
* * * LOW HITPOINT WARNING * * *
The goblin freezes you.
* * * LOW HITPOINT WARNING * * *
The bat attacks as you move away! The bat hits you but does no damage.
The bat closely misses you. The bat hits you.
* * * LOW HITPOINT WARNING * * *
You tentacle-slap the bat but do no damage.
Your grab misses the bat. The bat hits you.
* * * LOW HITPOINT WARNING * * *
The bat hits you but does no damage.
You tentacle-slap the bat.
You kill the bat!
The kobold throws a stone.
The stone hits you.
You die...

..........# #....##.## #.
#.#.#.####.........
#.##..................
######.#<........#....####.
......?.#####.#.......##...
.....#..+ .#.#........#.##
.g. #.g## .###............
. #..g##......###.#.....
#.gK.h..#...# #.#...##
#...##..#.... #.###.#.
#...###.##### #.# #.#.
#...# ... #.# #... #...#
### #....... ###.# .....
#.. ### ###


You could see a hobgoblin, 2 goblins and a kobold.

Vanquished Creatures
  A worm (D:2)
  2 dart slugs
  4 ball pythons (D:1)
  5 bats
  An endoplasm (D:1)
  5 giant cockroaches
  A goblin (D:1)
  2 hobgoblins
  2 jackals (D:2)
  A quokka (D:1)
  2 frilled lizards (D:1)
  3 kobolds (D:1)
29 creatures vanquished.

Notes
Turn   | Place    | Note
-------+----------+-------------------------------------------
     0 | D:1      | LeprechaunX the Octopode Shapeshifter began the quest for
                  | the Orb.
     0 | D:1      | Reached XP level 1. HP: 13/13 MP: 1/1
   107 | D:1      | Reached XP level 2. HP: 13/18 MP: 2/2
   557 | D:1      | Reached XP level 3. HP: 15/23 MP: 3/3
  1032 | D:2      | Noticed Sigmund
  1055 | D:2      | Hit by a stone thrown by a kobold

Illustrated notes

Levels and vault maps discovered:
D:1:      dpeg_arrival_tiny_i, layout_basic, minmay_bisected
D:2:      layout_basic, minmay_goblin_outpost, uniq_jessica, uniq_sigmund

Action                     || total
---------------------------++-------
  Melee: Unarmed           ||    56
         Constrict         ||    21
         Tentacles         ||     6
         Punch             ||     1
   Stab: Sleeping          ||     6
 Armour: Skin              ||    14
  Dodge: Dodged            ||    44

Table legend: (Time is in decaauts)
 A = Elapsed time spent in this place.
 B = Non-inter-level travel time spent in this place.
 C = Inter-level travel time spent in this place.
 D = Time resting spent in this place.
 E = Time spent auto-exploring this place.
 F = Levels seen in this place.
 G = Mean time per level.
                   A        B        C        D        E       F      G
               +--------+--------+--------+--------+--------+-----+--------+
         Total |   1051 |   1045 |      6 |      0 |    880 |   2 |  525.5 |
       Dungeon |   1051 |   1045 |      6 |      0 |    880 |   2 |  525.5 |
               +--------+--------+--------+--------+--------+-----+--------+

Top non-repeatable levels by time:
     D:1: 776 daAuts
     D:2: 274 daAuts
